Map: Ascension to Aiur LE

Players

ShoWTimE - Winner!

  • Race: Protoss Protoss
  • Spawn Location: 11:00

Kelazhur

  • Race: Terran Terran
  • Spawn Location: 5:00

Event: WCS Jonkoping 2017

VOD

Have the link to the VOD?

Description

Time

  • Played on: June 17, 2017, 3:58 p.m.
  • Length: 13:26

All games in this series

Show
View Real Time Build Order
Export as new Build Order

ShoWTimE Protoss - Winner!

Build Orders: 1 Gate Expand 

Get SALT Encoding   

  12  0:00  Probe (Chrono Boost)  
  13  0:11  Probe (Chrono Boost)  
  14  0:17  Pylon  
  14  0:22  Probe (Chrono Boost)  
  15  0:35  Probe (Chrono Boost)  
  16  0:37  Gateway  
  16  0:45  Probe (Chrono Boost)  
  16  0:47  Assimilator  
  17  0:56  Probe (Chrono Boost)  
  18  1:07  Probe (Chrono Boost)  
  19  1:21  Nexus  
  19  1:31  Cybernetics Core  
  19  1:35  Probe (Chrono Boost)  
  19  1:39  Assimilator  
  20  1:45  Probe (Chrono Boost)  
  21  1:52  Pylon  
  21  1:56  Probe (Chrono Boost)  
  22  2:06  Probe (Chrono Boost)  
  23  2:10  Adept (Chrono Boost)  
  23  2:11  Warp Gate  
  25  2:17  Probe (Chrono Boost)  
  26  2:28  Mothership Core (Chrono Boost)  
  28  2:36  Robotics Facility  
  28  2:38  Adept (Chrono Boost)  
  30  2:48  Pylon  
  30  2:53  Probe (Chrono Boost)  
  30  2:58  Probe (Chrono Boost)  
  32  3:04  Probe (Chrono Boost)  
  33  3:07  Stalker  
  33  3:10  Probe (Chrono Boost)  
  36  3:14  Probe (Chrono Boost)  
  37  3:20  Probe (Chrono Boost)  
  37  3:24  Observer (Chrono Boost)  
  39  3:28  Gateway  
  39  3:29  Probe  
  39  3:32  Probe  
  39  3:33  Stalker  
  43  3:41  Probe  
  43  3:44  Probe  
  45  3:48  Pylon  
  45  3:53  Probe  
  45  3:54  Twilight Council  
  47  3:56  Observer (Chrono Boost)  
  47  3:58  Probe  
  47  4:02  Pylon  
  48  4:05  Probe  
  49  4:10  Probe  
  49  4:12  Gateway  
  49  4:16  Observer (Chrono Boost)  
  51  4:17  Probe  
  51  4:21  Stalker  
  51  4:22  Probe  
  55  4:29  Probe  
  56  4:34  Probe, Assimilator  
  57  4:38  Blink (Chrono Boost)  
  57  4:40  Assimilator  
  57  4:42  Probe  
  57  4:43  Warp Prism  
  58  4:46  Probe  
  61  4:54  Probe  
  61  4:58  Probe  
  63  5:05  Pylon, Stalker x2  
  63  5:06  Probe  
  68  5:14  Stalker  
  70  5:22  Pylon  
  70  5:23  Probe x2  
  72  5:29  Nexus  
  72  5:33  Pylon  
  72  5:39  Probe x2  
  72  5:40  Forge  
  72  5:42  Sentry x3  
  78  5:45  Immortal  
  84  5:56  Probe  
  86  5:57  Probe  
  86  6:00  Pylon  
  86  6:05  Adept x3  
  92  6:12  Protoss Ground Weapons Level 1  
  92  6:17  Probe x2  
  92  6:18  Gateway  
  94  6:24  Pylon, Immortal  
  94  6:25  Resonating Glaives (Chrono Boost)  
  94  6:31  Adept  
  100  6:34  Adept  
  102  6:41  Probe x3  
  105  6:49  Pylon  
  105  6:52  Pylon  
  105  6:53  Probe  
  106  6:55  Adept x2  
  106  6:56  Adept  
  106  6:59  Probe  
  106  7:00  Probe, Immortal  
  117  7:16  Gateway  
  117  7:17  Gateway  
  117  7:18  Gateway  
  117  7:20  Gateway  
  117  7:24  Adept  
  117  7:25  Adept  
  117  7:29  Pylon  
  121  7:30  Stalker  
  121  7:32  Stalker  
  121  7:36  Immortal  
  125  7:37  Pylon  
  129  7:52  Adept  
  129  7:53  Adept  
  129  7:55  Pylon  
  129  7:56  Sentry, Adept  
  137  8:05  Pylon  
  135  8:06  Protoss Ground Armor Level 1 (Chrono Boost)  
  135  8:13  Immortal  
  135  8:15  Adept x6  
  135  8:19  Adept x2  
  153  8:25  Pylon  
  153  8:30  Pylon  
  153  8:33  Robotics Bay  
  153  8:36  Stalker x3  
  159  8:43  Adept x2  
  151  8:51  Adept x2  
  137  9:06  Stalker  
  137  9:07  Pylon, Stalker x4  
  137  9:09  Pylon  
  147  9:13  Assimilator  
  148  9:17  Assimilator  
  148  9:22  Disruptor  
  145  9:24  Stalker  
  148  9:32  Stalker x3  
  148  9:33  Stalker x2  
  154  9:48  Pylon  
  154  9:50  Stalker x2  
  158  9:53  Dark Shrine  
  156  10:04  Disruptor, Nexus  
  156  10:06  Pylon  
  156  10:12  Adept x3  
  156  10:13  Adept  
  167  10:18  Adept  
  169  10:21  Pylon  
  169  10:25  Adept x3  
  161  10:38  Adept x4  
  161  10:39  Adept  
  146  11:00  Adept x2  
  146  11:01  Adept x4  
  143  11:20  Dark Templar x2  
  106  13:22  Nexus  
Show
View Real Time Build Order
Export as new Build Order

Kelazhur Terran 

Build Orders: MMM Bio 

Get SALT Encoding   

  12  0:00  SCV  
  13  0:12  SCV  
  14  0:17  Supply Depot  
  14  0:24  SCV  
  14  0:27  Refinery  
  15  0:38  SCV  
  16  0:44  Barracks  
  16  0:51  SCV  
  17  1:06  SCV  
  18  1:18  SCV  
  19  1:33  Marine, Factory, Orbital Command  
  20  2:00  Command Center  
  20  2:04  SCV  
  20  2:07  Barracks Reactor  
  21  2:13  Supply Depot  
  21  2:18  SCV  
  22  2:30  Starport  
  22  2:32  SCV  
  23  2:37  Widow Mine  
  23  2:43  Marine x2  
  27  2:46  Supply Depot  
  27  2:48  SCV  
  28  3:01  Marine x2  
  28  3:02  SCV  
  31  3:07  Widow Mine  
  33  3:13  Orbital Command  
  33  3:14  SCV  
  33  3:18  Medivac  
  33  3:19  Marine  
  37  3:20  Marine  
  37  3:26  SCV  
  39  3:31  Barracks  
  39  3:37  Marine  
  39  3:38  Marine  
  41  3:41  SCV  
  41  3:44  SCV  
  43  3:53  SCV  
  43  3:55  Marine  
  41  3:56  SCV, Marine  
  41  4:01  Barracks, Starport Tech Lab  
  43  4:05  SCV  
  43  4:08  SCV  
  45  4:10  Widow Mine  
  45  4:13  Marine, Supply Depot  
  45  4:14  Marine  
  49  4:17  SCV  
  49  4:19  Refinery x2  
  49  4:20  SCV  
  51  4:26  Starport Tech Lab  
  51  4:30  SCV  
  52  4:32  SCV  
  52  4:33  Marine  
  52  4:34  Stimpack, Marine x2  
  52  4:37  Supply Depot  
  56  4:40  Widow Mine  
  56  4:42  SCV  
  59  4:45  SCV  
  59  4:51  Marine  
  59  4:52  Marine  
  61  4:56  Marine  
  61  4:57  SCV, Starport Reactor  
  54  5:01  Marauder  
  54  5:05  SCV  
  57  5:09  SCV  
  57  5:10  Bunker  
  58  5:14  Marine x2  
  58  5:15  Marauder  
  58  5:16  Combat Shields  
  58  5:17  SCV  
  63  5:22  SCV  
  63  5:23  Supply Depot  
  63  5:26  Marauder  
  66  5:30  SCV  
  66  5:32  Marine x2  
  69  5:41  Supply Depot  
  69  5:45  Marauder, Medivac x2  
  69  5:46  Supply Depot  
  69  5:47  Marauder  
  69  5:48  SCV  
  78  6:02  Marine x2, Command Center  
  78  6:03  SCV  
  81  6:05  SCV  
  81  6:09  Supply Depot  
  82  6:15  SCV, Engineering Bay  
  82  6:20  SCV  
  82  6:22  Marauder x2, Marine x2  
  88  6:27  SCV  
  88  6:32  SCV  
  90  6:35  Medivac x2  
  90  6:39  Concussive Shells  
  94  6:43  SCV  
  94  6:45  Marine x2  
  94  6:46  Marauder x2  
  101  6:47  Terran Infantry Weapons Level 1  
  101  6:50  Refinery  
  101  7:00  SCV  
  102  7:02  Factory  
  102  7:04  Barracks  
  102  7:05  Barracks  
  102  7:13  Marine x2  
  102  7:14  Marauder x2  
  108  7:16  Orbital Command  
  108  7:18  SCV x2  
  110  7:30  SCV  
  110  7:31  SCV  
  110  7:36  Marauder x2, Marine  
  117  7:38  Supply Depot  
  117  7:43  SCV  
  117  7:46  Marine  
  117  7:52  Barracks Reactor, Factory Reactor  
  117  7:53  Barracks Tech Lab  
  117  7:56  Supply Depot  
  117  7:59  Marauder x2, Marine, SCV x3  
  117  8:01  Liberator x2  
  124  8:06  Supply Depot  
  124  8:07  Marine  
  124  8:08  Missile Turret  
  125  8:18  SCV x2, Supply Depot  
  133  8:23  Supply Depot  
  133  8:25  Supply Depot  
  133  8:28  Marauder, SCV  
  133  8:30  Marauder  
  133  8:32  Marauder, Marine  
  141  8:40  Marine x3  
  134  8:50  Marauder, Marine  
  134  8:52  Marauder  
  134  8:53  Marine  
  134  8:54  Widow Mine x2  
  132  9:01  Liberator, Marine x2  
  132  9:02  Marine  
  130  9:07  Terran Infantry Armor Level 1  
  130  9:09  SCV x3, Armory  
  137  9:11  Marauder, Engineering Bay  
  137  9:13  Marauder, Marine x2  
  143  9:21  SCV, Refinery, Marine  
  143  9:22  Marine, Refinery  
  143  9:23  Marine  
  146  9:30  Liberator  
  146  9:31  Marauder, Marine  
  147  9:32  Marauder, Supply Depot  
  147  9:34  Marine  
  147  9:35  Supply Depot  
  147  9:38  Supply Depot  
  152  9:39  Marine  
  152  9:44  Marine  
  152  9:45  Marine  
  155  9:52  Starport  
  157  9:53  Fusion Core, Liberator  
  157  9:57  Widow Mine x2  
  158  10:11  Marine x2  
  158  10:12  Marauder, Marine x2  
  158  10:14  Marauder, Orbital Command  
  167  10:26  Widow Mine  
  161  10:31  Marauder  
  161  10:34  Marauder  
  149  10:37  Orbital Command  
  149  10:38  Marauder, Marine x2  
  112  10:45  Orbital Command  
  70  11:20  Orbital Command  
  63  11:33  Orbital Command  
  53  12:04  Orbital Command  
  15  13:06  Marine x2  
  15  13:07  Marine  
Tags
 
Add a new tag
Caveats
  • Supply blocks, unpowered buildings, or Contaminate may cause inaccurate times.
  • Supply counts are checked every 10 seconds.